 Dungeon Crawl Stone Soup version 0.19-a0-1879-gd95bc26 (webtiles) character file.

168 Dekamerus the Covert (level 5, -1/25 HPs)
             Began as a Spriggan Assassin on Oct 14, 2016.
             Slain by an ogre
             ... wielding a +0 giant club
              (16 damage)
             ... on level 4 of the Dungeon.
             The game lasted 00:08:13 (3690 turns).

Dekamerus the Covert (Spriggan Assassin)            Turns: 3690, Time: 00:08:14

Health: -1/25      AC:  4    Str:  7    XL:     5   Next: 23%
Magic:  6/6        EV: 17    Int: 13    God:
Gold:   198        SH:  0    Dex: 18    Spells: 0 memorised, 4 levels left

rFire  . . .     SeeInvis +     a - +2 dagger
rCold  . . .     Gourm    .     c - +0 robe
rNeg   + . .     Faith    .     (shield restricted)
rPois  +         Spirit   .     (helmet restricted)
rElec  .         Dismiss  .     j - +1 cloak {rPois}
rCorr  .         Reflect  .     (gloves unavailable)
MR     .....     Harm     .     (boots unavailable)
Stlth  +++++.....               (no amulet)
                                (no ring)
                                h - ring of positive energy

@: very quick
A: unfitting armour, see invisible, herbivore 3, speed 3, slow metabolism 2
a: no special abilities


You were on level 4 of the Dungeon.
You were not hungry.

You visited 1 branch of the dungeon, and saw 4 of its levels.

You collected 198 gold pieces.

Inventory:

Hand Weapons
 a - a +2 dagger (weapon)
 b - a +0 blowgun
Missiles
 e - 8 poisoned needles
 f - 2 curare-tipped needles
Armour
 c - a +0 robe (worn)
 d - a +0 cloak
 j - a +1 cloak of poison resistance (worn)
Jewellery
 h - a ring of positive energy (left hand)
 m - an uncursed ring of ice
Scrolls
 i - a scroll of recharging
 o - a scroll of teleportation
Potions
 k - 2 potions of might
 l - a potion of curing {unknown}
 n - 2 potions of heal wounds
 p - a potion of ambrosia {unknown}
 t - a potion of invisibility {unknown}
 u - 2 potions of lignification
 v - a potion of haste {unknown}
Comestibles
 g - 2 bread rations


   Skills:
 - Level 1.5 Fighting
 - Level 2.1 Short Blades
 - Level 2.0 Throwing
 - Level 1.5 Dodging
 + Level 10.0 Stealth


You had 4 spell levels left.
You didn't know any spells.

Dungeon Overview and Level Annotations

Branches:
Dungeon (4/15)
 Temple: D:4-7

Altars:
Qazlal
Trog


Innate Abilities, Weirdness & Mutations

You are very small and have problems with some larger weapons.
You are too small for most types of armour.
You have supernaturally acute eyesight. (SInv)
You are a herbivore.
You cover ground extremely quickly.
You need consume almost no food.


Message History

p - a fizzy grey potion An orc comes into view.
It is wielding a falchion.
An orc is nearby!
h - a ring of positive energy (left hand)
You open the door.
Found a bloodstained altar of Trog.
There is an open door here.
There is a bloodstained altar of Trog here.
You open the door.
There is an open door here.
An ogre comes into view. It is wielding a giant club.
The ogre shouts!
The ogre hits you with a giant club!
You hit the ogre.
The ogre is lightly wounded.
You hit the ogre.
The ogre is moderately wounded.
The ogre hits you with a giant club!
Ouch! That really hurt!
You die...

.###### ....... ...#
.###### #..# ## #####
#..# #########...#
#..# ..........#'#
#..# .###.#....#_#
#..####.. .#
#.#.#.##'####.O....#
.# #............@.#
.#
#.#.#.#.######%.....#
.# #..#...## .######
.# #.......# .#
.##........# .#
..........# .#
.##........# .# ##..
....# .# o.. ..#.#


You could see an ogre.

Vanquished Creatures
  Crazy Yiuf (D:3)
  4 adders
  2 worms (D:3)
  3 leopard geckos
  4 orcs (D:3)
  4 giant cockroaches
  10 hobgoblins
  14 jackals
  2 ball pythons
  14 bats
  4 frilled lizards
  10 goblins
  6 kobolds
  6 rats
84 creatures vanquished.

Notes
Turn   | Place    | Note
-------+----------+-------------------------------------------
     0 | D:1      | Dekamerus the Spriggan Assassin began the quest for the Orb.
     0 | D:1      | Reached XP level 1. HP: 10/10 MP: 2/2
    14 | D:1      | Reached skill level 6 in Stealth
   277 | D:1      | Reached XP level 2. HP: 14/14 MP: 3/3
   667 | D:1      | Reached skill level 7 in Stealth
  1183 | D:2      | Reached XP level 3. HP: 18/18 MP: 4/4
  1455 | D:2      | Reached skill level 8 in Stealth
  1637 | D:3      | Found a faded altar of an unknown god.
  1921 | D:3      | Reached XP level 4. HP: 22/22 MP: 5/5
  2213 | D:3      | Found a stormy altar of Qazlal.
  2931 | D:3      | Reached skill level 9 in Stealth
  3375 | D:3      | Reached XP level 5. HP: 21/25 MP: 6/6
  3463 | D:3      | Found a runed door.
  3506 | D:3      | Noticed Crazy Yiuf
  3510 | D:3      | Killed Crazy Yiuf
  3510 | D:3      | Reached skill level 10 in Stealth
  3679 | D:4      | Found a bloodstained altar of Trog.
  3684 | D:4      | Noticed an ogre
  3690 | D:4      | Slain by an ogre

Vault maps used:
D:1:      dpeg_arrival_court, serial_curves, eino_curves_03, eino_curves_02
D:3:      ecumenical_altar_1, nicolae_qazlal_eye_of_the_storm,
          uniq_crazy_yiuf_cottage
D:4:      kennysheep_mini, nicolae_overflow_hidden_temple, serial_shops, shop,
          first_bread

Skill      XL: |  1  2  3  4  5 |
---------------+----------------+-----
Stealth        | 6 7 8 9 10 | 10.0
Fighting       | |  1.5
Short Blades   | |  2.1
Throwing       | |  2.0
Dodging        | |  1.5

Action                   |  1- 3 |  4- 6 || total
-------------------------+-------+-------++-------
Melee: Dagger            |   134 |   193 ||   327
  Use: Scroll            |     9 |     2 ||    11
       Potion            |       |     2 ||     2
 Stab: Sleeping          |    22 |     3 ||    25
       Distracted        |       |     2 ||     2
  Eat: Pizza             |       |     1 ||     1
Armor: Robe              |    34 |    14 ||    48
       Skin              |       |    15 ||    15
Dodge: Dodged            |   112 |   141 ||   253
